 Dungeon Sprint DCSS version 0.20-a0-1039-gf554463 (webtiles) character file.

0 Dipster the Twirler (level 1, -2/17 HPs)
             Began as a Demigod Gladiator on Apr 22, 2017.
             Slain by Sigmund
             ... wielding a +0 scythe
              (9 damage)
             ... in the Dungeon (Sprint VI: "Thunderdome").
             The game lasted 00:01:47 (70 turns).

Dipster the Twirler (Demigod Gladiator)               Turns: 70, Time: 00:01:47

Health: -2/17      AC:  4    Str: 17    XL:     1   Next: 60%
Magic:  3/3        EV: 13    Int: 12    God:
Gold:   200        SH:  0    Dex: 17    Spells: 0/0 levels left

rFire    . . .     SeeInvis .   a - +0 quarterstaff
rCold    . . .     Gourm    .   (shield currently unavailable)
rNeg     . . .     Faith    .   b - +0 leather armour
rPois    .         Spirit   .   c - +0 helmet
rElec    .         Reflect  .   (no cloak)
rCorr    .         Harm     .   (no gloves)
MR       .....     NoTele   +   (no boots)
Stlth    +.........             (no amulet)
Regen    0.1/turn               (no ring)
MPRegen  0.1/turn               (no ring)

@: no status effects
A: high mp 1
a: no special abilities


You were in the Dungeon.
You were not hungry.

You visited 1 branch You collected 200 gold pieces.

Inventory:

Hand Weapons
 a - a +0 quarterstaff (weapon)
Missiles
 d - 3 throwing nets (quivered)
Armour
 b - a +0 leather armour (worn)
 c - a +0 helmet (worn)
Wands
 l - a wand of acid (5/15)
 m - a wand of iceblast (5/15)
Scrolls
 k - 4 scrolls of blinking
 n - 3 scrolls of fog
Potions
 e - a potion of curing
 g - 4 potions of heal wounds
 h - 4 potions of haste
 i - 2 potions of magic
 j - a potion of berserk rage
 o - a potion of resistance
Comestibles
 f - a bread ration
 p - 2 chunks of flesh


   Skills:
 - Level 1.7 Fighting
 + Level 4.2 Staves
 - Level 1.7 Throwing
 - Level 2.6 Dodging


You couldn't memorise any spells.
You didn't know any spells.

Dungeon Overview and Level Annotations

Branches:
Dungeon (1/1)

Shops:
D **[(!!!!

Annotations:
D Sigmund


Innate Abilities, Weirdness & Mutations

You have an increased reservoir of magic. (+10% MP)


Message History

You hit the goblin.
You kill the goblin!
Your Staves skill increases to level 4!
The goblin hits you but does no damage.
You hit the goblin.
You kill the goblin!
Something hits you but does no damage.
No target in view!
No target in view!
No target in view!
You hear some strange, mumbled words.
Something tries to affect you, but you resist.
You sock something! Something hits you.
You sock something! You barely miss something. Something hits you.
You miss something. Something barely misses you.
You hit something. You thump something! Something hits you!
Ouch! That really hurt!
You die...

#...###..........⌠ ....
#.<.# #..........⌠
......###...###..........⌠
.........###.............#
......8.# #.8........∩###
.......###......___∩##
#.8.........8.######
#⌠....{......⌠#
###)†.@.....###
#_..)...._# #_......._#
#........_# #∩.......∩#
##∩.....∩## ##.....##
##⌠⌠⌠## #####


There were no monsters in sight!

Vanquished Creatures
  An orc (D)
  2 goblins (D)
  A quokka (D)
4 creatures vanquished.

Notes
Turn   | Place    | Note
-------+----------+-------------------------------------------
     0 | D        | Dipster the Demigod Gladiator began the quest for the Orb.
     0 | D        | Reached XP level 1. HP: 17/17 MP: 3/3
     1 | D        | Found a glowing silver altar of Zin.
     1 | D        | Found a blossoming altar of Fedhas.
     2 | D        | Found a roughly hewn altar of Beogh.
     2 | D        | Found a hide-covered altar of Uskayaw.
     3 | D        | Found a shimmering altar of Xom.
     3 | D        | Found an iron altar of Okawaru.
     4 | D        | Found Kewkaiju's Do-It-Yourself Clinic.
     4 | D        | Found a corrupted altar of Lugonu.
     4 | D        | Found a bloodstained altar of Trog.
     4 | D        | Found Hoduodd's Distillery.
     5 | D        | Found Hain's Bottled Wisdom.
     5 | D        | Found Cuxuroh's Distillery.
     5 | D        | Round 1.
    10 | D        | Found a burning altar of Makhleb.
    11 | D        | Found a glowing golden altar of the Shining One.
    16 | D        | Reached skill level 3 in Staves
    36 | D        | Found a viscous altar of Jiyva.
    36 | D        | Found Ysext's Weapon Rack.
    36 | D        | Found Mos Roim's Basic Armour.
    37 | D        | Found Hosimodgh's Miscellaneous Merchandise.
    42 | D        | Found Riyseoci's Premium Goods.
    42 | D        | Found an ancient bone altar of Kikubaaqudgha.
    42 | D        | Found a snail-covered altar of Cheibriados.
    59 | D        | Noticed Sigmund
    60 | D        | Reached skill level 4 in Staves
    70 | D        | Slain by Sigmund

Vault maps used:
D:        arena_sprint

Skill      XL: |  1 |
---------------+----+-----
Staves         | 4 |  4.2
Fighting       | |  1.7
Throwing       | |  1.7
Dodging        | |  2.6

Action                   || total
-------------------------++-------
Melee: Quarterstaff      ||    17
Armor: Leather armour    ||     5
Dodge: Dodged            ||    10
